 Dungeon Crawl Stone Soup version 0.28-a0-1087-gf3fc490d9d (webtiles) character file.

Game seed: 18352736552899975525

78 ducksouse the Covered (level 4, -6/40 HPs)
             Began as a Minotaur Fighter on Dec 11, 2021.
             Mangled by a gnoll (11 damage)
             ... on level 2 of the Dungeon.
             The game lasted 00:03:08 (1252 turns).

ducksouse the Covered (Minotaur Fighter)            Turns: 1252, Time: 00:03:09

Health: -6/40      AC:  7    Str: 23    XL:     4   Next: 15%
Magic:  3/3        EV: 10    Int:  5    God:
Gold:   53         SH:  4    Dex:  9    Spells: 3/3 levels left

rFire   . . .      SeeInvis .   a - +0 trident
rCold   . . .      Faith    .   c - +0 buckler
rNeg    . . .      Spirit   .   b - +0 scale mail
rPois   .          Reflect  .   (helmet restricted)
rElec   .          Harm     .   (no cloak)
rCorr   .          Rampage  .   (no gloves)
Will    .....                   (no boots)
Stlth   ..........              (no amulet)
HPRegen 0.13/turn               (no ring)
MPRegen 0.08/turn               (no ring)

@: no status effects
A: horns 2, retaliatory headbutt
a: no special abilities


You were on level 2 of the Dungeon.
You visited 1 branch of the dungeon, and saw 2 of its levels.

You collected 53 gold pieces.

Inventory:

Hand Weapons
 a - a +0 trident (weapon)
 e - a +0 hunting sling
Armour
 b - a +0 scale mail (worn)
 c - a +0 buckler (worn)
Scrolls
 d - a scroll of brand weapon {unknown}


   Skills:
 + Level 4.1 Fighting
 + Level 3.5 Polearms
 + Level 4.4 Armour
 + Level 0.9 Dodging
 + Level 4.1 Shields


You had 3 spell levels left.
You didn't know any spells.
Your spell library was empty.

Dungeon Overview and Level Annotations

Branches:
Dungeon (2/15)

Altars:


Innate Abilities, Weirdness & Mutations

You have a pair of horns on your head.
You reflexively headbutt those who attack you in melee.


Message History

The quokka bites you but does no damage.
You block the quokka's attack. You block the quokka's attack.
You hit the quokka.
The quokka is almost dead.
The quokka bites you. The quokka closely misses you.
You hit the quokka.
You kill the quokka!
You have reached level 4!
You feel stronger.
You now have 53 gold pieces (gained 6).
You open the large door.
A gnoll comes into view. It is wielding a +0 flail.
The gnoll shouts!
There is a large open door here.
A bat comes into view.
A gnoll comes into view. It is wielding a +0 halberd.
There is a large open door here.
The gnoll shouts!
The bat hits you but does no damage.
You hit the gnoll.
The gnoll is lightly wounded.
The bat barely misses you. You furiously retaliate!
You headbutt the bat.
You kill the bat!
The gnoll hits you with a +0 flail.
A goblin comes into view. It is wielding a +0 dagger.
You barely miss the gnoll.
The gnoll is lightly wounded.
The gnoll hits you with a +0 flail.
You closely miss the gnoll.
The gnoll is lightly wounded.
The gnoll hits you from afar with a +0 halberd!
The gnoll barely misses you. You furiously retaliate!
You headbutt the gnoll. You puncture the gnoll! You headbutt the gnoll.
You kill the gnoll!
The gnoll hits you from afar with a +0 halberd!
* * * LOW HITPOINT WARNING * * *
The gnoll barely misses you.
The gnoll hits you from afar with a +0 halberd!
You die...

#.# ######### #.#
#.......# #####.#
#.......########.....#
#.......##.....#.#####
#.......##.....#.#######
........''.....'........
#....g).##†....#....####
....g..@....).)........#
......######.#)####+##.#
...... #.#... # ......
#.#..... .....
#.#....... .....
#.#.#....# ....
#.#....... #.#.......


You could see a gnoll and a goblin.

Vanquished Creatures
  4 gnolls
  A worm (D:2)
  5 ball pythons
  3 endoplasms
  2 giant cockroaches (D:1)
  2 goblins
  2 hobgoblins
  6 jackals (D:1)
  A quokka (D:2)
  3 bats
  2 frilled lizards
  2 kobolds (D:1)
  4 rats (D:1)
37 creatures vanquished.

Notes
Turn   | Place    | Note
-------+----------+-------------------------------------------
     0 | D:1      | ducksouse the Minotaur Fighter began the quest for the Orb.
     0 | D:1      | Reached XP level 1. HP: 19/19 MP: 0/0
   136 | D:1      | Reached XP level 2. HP: 3/27 MP: 1/1
   799 | D:1      | Reached XP level 3. HP: 33/33 MP: 2/2
  1234 | D:2      | Reached XP level 4. HP: 30/40 MP: 3/3
  1252 | D:2      | Mangled by a gnoll

Illustrated notes

Levels and vault maps discovered:
D:1:      dpeg_arrival_concentric_ovals, layout_loops_ring,
          nicolae_grassy_gnolls
D:2:      layout_basic, hellmonk_ecumenical_altar_heavens_door,
          minmay_misc_feat_ornament

Skill      XL: |  1  2  3 |
---------------+----------+-----
Polearms       | 3 |  3.5
Fighting       | 4 |  4.1
Armour         | 4 |  4.4
Shields        | 4 |  4.1
Dodging        | |  0.9

Action                   |  1- 3 |  4- 6 || total
-------------------------+-------+-------++-------
Melee: Trident           |    65 |     4 ||    69
       Headbutt          |     8 |     1 ||     9
  Use: Potion            |     2 |       ||     2
Armor: Scale mail        |    24 |     1 ||    25
Dodge: Dodged            |    39 |     3 ||    42
Block: Buckler           |    17 |       ||    17

Table legend: (Time is in decaauts)
 A = Elapsed time spent in this place.
 B = Non-inter-level travel time spent in this place.
 C = Inter-level travel time spent in this place.
 D = Time resting spent in this place.
 E = Time spent auto-exploring this place.
 F = Levels seen in this place.
 G = Mean time per level.
                   A        B        C        D        E       F      G
               +--------+--------+--------+--------+--------+-----+--------+
         Total |   1262 |   1262 |      0 |    265 |    470 |   2 |  631.0 |
       Dungeon |   1262 |   1262 |      0 |    265 |    470 |   2 |  631.0 |
               +--------+--------+--------+--------+--------+-----+--------+

Top non-repeatable levels by time:
     D:1: 1132 daAuts
     D:2: 130 daAuts
